BSA
HOUSTON MARSHALS @ VISTA PANTHERS
02/26/2029
 
TOP OF THE 1ST
Houston Marshals batting - Pitching for Vista Panthers : RHP Dave Jackson
Pitching: RHP Dave Jackson
Batting: LHB Guy Moss 0-0: Ball
1-0: Ball
2-0: Foul Ball, location: 2F
2-1: Fly out, F6 (Line Drive, 6)
Batting: SHB Juan Gómez 0-0: Called Strike
0-1: Called Strike
0-2: Ground out 6-3 (Groundball, 6M)
Batting: LHB Lewis Barr 0-0: Ball
1-0: SINGLE (Groundball, 56D)
Batting: LHB José Rodríguez 0-0: Swinging Strike
0-1: Ball
1-1: Foul Ball, location: 2F
1-2: Foul Ball, location: 2F
1-2: Ball
2-2: Foul Ball, location: 2F
2-2: Ball
3-2: Strikes out swinging
Top of the 1st over - 0 runs, 1 hit, 0 errors, 1 left on base; Houston 0 - Vista 0
BOTTOM OF THE 1ST
Vista Panthers batting - Pitching for Houston Marshals : RHP Daniel Grant
Pitching: RHP Daniel Grant
Batting: LHB Bill Wilson 0-0: Ball
1-0: Called Strike
1-1: Ground out 4-3 (Groundball, 4S)
Batting: LHB Clyde Yarbrough 0-0: Ball
1-0: Ground out 4-3 (Groundball, 4)
Batting: SHB Juan Castro 0-0: Ball
1-0: Ground out 3-1 (Groundball, 34)
Bottom of the 1st over - 0 runs, 0 hits, 0 errors, 0 left on base; Houston 0 - Vista 0
TOP OF THE 2ND
Houston Marshals batting - Pitching for Vista Panthers : RHP Dave Jackson
Batting: RHB Raúl Soto 0-0: Called Strike
0-1: Swinging Strike
0-2: Ball
1-2: Strikes out looking
Batting: LHB Matt Smith 0-0: Ball
1-0: Called Strike
1-1: Called Strike
1-2: Ball
2-2: Foul Ball, location: 2F
2-2: Ball
3-2: SOLO HOME RUN (Flyball, 9D), Distance : 385 ft
Batting: RHB Esteban Lara 0-0: Ball
1-0: Swinging Strike
1-1: Called Strike
1-2: Ball
2-2: Foul Ball, location: 2F
2-2: Foul Ball, location: 2F
2-2: Strikes out looking
Batting: RHB Javier Rentería 0-0: Ball
1-0: Ball
2-0: Called Strike
2-1: Swinging Strike
2-2: Ground out 5-3 (Groundball, 5)
Top of the 2nd over - 1 run, 1 hit, 0 errors, 0 left on base; Houston 1 - Vista 0
BOTTOM OF THE 2ND
Vista Panthers batting - Pitching for Houston Marshals : RHP Daniel Grant
Batting: LHB Dante Owens 0-0: Ball
1-0: Called Strike
1-1: Ground out 5-3 (Groundball, 5L)
Batting: RHB Stephen Wilson 0-0: Swinging Strike
0-1: Ball
1-1: Swinging Strike
1-2: Ball
2-2: Foul Ball, location: 2F
2-2: Fly out, F3 (Popup, 23F)
Batting: RHB Cisco Gatán 0-0: Ball
1-0: Ball
2-0: Called Strike
2-1: Called Strike
2-2: Foul Ball, location: 2F
2-2: Ball
3-2: Base on Balls
Batting: RHB Justin Burgess 0-0: Foul Ball, location: 2F
0-1: Ground out 3-1 (Groundball, 34)
Bottom of the 2nd over - 0 runs, 0 hits, 0 errors, 1 left on base; Houston 1 - Vista 0
TOP OF THE 3RD
Houston Marshals batting - Pitching for Vista Panthers : RHP Dave Jackson
Batting: RHB Michael Thomas 0-0: Called Strike
0-1: Ground out 5-3 (Groundball, 5S)
Batting: LHB Guy Moss 0-0: Ball
1-0: Ball
2-0: Called Strike
2-1: Fly out, F8 (Flyball, 78D)
Batting: SHB Juan Gómez 0-0: Called Strike
0-1: Foul Ball, location: 2F
0-2: Hit by Pitch
Batting: LHB Lewis Barr 0-0: Ball
1-0: Ball
2-0: Foul Ball, location: 2F
2-1: SINGLE (Line Drive, 7LS)
Juan Gómez to second
Batting: LHB José Rodríguez 0-0: Ball
1-0: Ball
2-0: Called Strike
2-1: Foul Ball, location: 2F
2-2: Foul Ball, location: 2F
2-2: SINGLE (Line Drive, 78S)
Juan Gómez to third
Lewis Barr to second
Batting: RHB Raúl Soto 0-0: Foul Ball, location: 2F
0-1: Ball
1-1: Foul Ball, location: 2F
1-2: Fly out, F7 (Flyball, 7LM)
Top of the 3rd over - 0 runs, 2 hits, 0 errors, 3 left on base; Houston 1 - Vista 0
BOTTOM OF THE 3RD
Vista Panthers batting - Pitching for Houston Marshals : RHP Daniel Grant
Batting: RHB Jake Reeves 0-0: SINGLE (Groundball, 6MD)
Batting: RHB Johnny Williams 0-0: Ball
1-0: Foul Ball, location: 2F
1-1: Ball
2-1: Foul Ball, location: 2F
2-2: Ball
3-2: Strikes out looking
Batting: LHB Bill Wilson 0-0: Swinging Strike
0-1: Ball
1-1: Ball
2-1: Ball
3-1: Base on Balls
Jake Reeves to second
Batting: LHB Clyde Yarbrough 0-0: Ball
1-0: Ball
2-0: Ball
3-0: Called Strike
3-1: Base on Balls
Jake Reeves to third
Bill Wilson to second
Batting: SHB Juan Castro 0-0: Ball
1-0: Fielders Choice at 2nd, 4-6 (Groundball, 4M)
Jake Reeves scores
Bill Wilson to third
Batting: LHB Dante Owens 0-0: Foul Ball, location: 2F
0-1: Foul Ball, location: 2F
0-2: SINGLE (Groundball, 6D)
Bill Wilson scores
Juan Castro to second
Batting: RHB Stephen Wilson 0-0: Foul Ball, location: 2F
0-1: Ball
1-1: Foul Ball, location: 2F
1-2: Ball
2-2: Fly out, F7 (Flyball, 7LM)
Bottom of the 3rd over - 2 runs, 2 hits, 0 errors, 2 left on base; Houston 1 - Vista 2
TOP OF THE 4TH
Houston Marshals batting - Pitching for Vista Panthers : RHP Dave Jackson
Batting: LHB Matt Smith 0-0: Foul Ball, location: 2F
0-1: Called Strike
0-2: Fly out, F7 (Line Drive, 7D)
Batting: RHB Esteban Lara 0-0: Ball
1-0: SINGLE (Line Drive, 78S)
Batting: RHB Javier Rentería 0-0: SINGLE (Groundball, 56D)
Esteban Lara to second
Batting: RHB Michael Thomas 0-0: Called Strike
0-1: Foul Ball, location: 2F
0-2: Foul Ball, location: 2F
0-2: Ball
1-2: Strikes out swinging
Batting: LHB Guy Moss 0-0: Ball
1-0: Called Strike
1-1: Called Strike
1-2: Ball
2-2: Strikes out looking
Top of the 4th over - 0 runs, 2 hits, 0 errors, 2 left on base; Houston 1 - Vista 2
BOTTOM OF THE 4TH
Vista Panthers batting - Pitching for Houston Marshals : RHP Daniel Grant
Batting: RHB Cisco Gatán 0-0: Ball
1-0: Foul Ball, location: 2F
1-1: Called Strike
1-2: DOUBLE (Line Drive, 7D)
Batting: RHB Justin Burgess 0-0: Ball
1-0: Foul Ball, location: 2F
1-1: Called Strike
1-2: Ground out 4-3 (Groundball, 34)
Cisco Gatán to third
Batting: RHB Jake Reeves 0-0: Ball
1-0: Called Strike
1-1: SINGLE (Groundball, 56D)
Cisco Gatán scores
Batting: RHB Johnny Williams 0-0: Ball
1-0: Ball
2-0: Foul Ball, location: 2F
2-1: Foul Ball, location: 2F
2-2: Foul Ball, location: 2F
2-2: Ground out 4-3 (Groundball, 34)
Jake Reeves to second
Batting: LHB Bill Wilson 0-0: Ball
1-0: Called Strike
1-1: Ball
2-1: Ball
3-1: Foul Ball, location: 2F
3-2: DOUBLE (Line Drive, 5D)
Jake Reeves scores
Batting: LHB Clyde Yarbrough 0-0: Called Strike
0-1: Called Strike
0-2: Strikes out swinging
Bottom of the 4th over - 2 runs, 3 hits, 0 errors, 1 left on base; Houston 1 - Vista 4
TOP OF THE 5TH
Houston Marshals batting - Pitching for Vista Panthers : RHP Dave Jackson
Pitching: RHP José Betancourt
Batting: SHB Juan Gómez 0-0: Ball
1-0: Foul Ball, location: 2F
1-1: Ball
2-1: Ball
3-1: Base on Balls
Batting: LHB Lewis Barr 0-0: Swinging Strike
0-1: Ball
1-1: Ball
2-1: Called Strike
2-2: Ball
3-2: Strikes out looking
Batting: LHB José Rodríguez 0-0: SINGLE (Line Drive, 56D)
Juan Gómez to second
Batting: RHB Raúl Soto 0-0: Swinging Strike
0-1: Foul Ball, location: 2F
0-2: Fly out, F7 (Flyball, 7S)
Batting: LHB Matt Smith 0-0: Called Strike
0-1: Ball
1-1: DOUBLE (Line Drive, 78D)
Juan Gómez scores
José Rodríguez to third
Batting: RHB Esteban Lara 0-0: Called Strike
0-1: Fly out, F9 (Flyball, 89S)
Top of the 5th over - 1 run, 2 hits, 0 errors, 2 left on base; Houston 2 - Vista 4
BOTTOM OF THE 5TH
Vista Panthers batting - Pitching for Houston Marshals : RHP Daniel Grant
Pitching: RHP Enrique Valdés
Batting: SHB Juan Castro 0-0: Ball
1-0: Ball
2-0: Ball
3-0: Called Strike
3-1: Base on Balls
Batting: LHB Dante Owens 0-0: Foul Ball, location: 2F
0-1: Fielders Choice at 2nd, 6-4 (Groundball, 6)
Batting: RHB Stephen Wilson 0-0: Ball
1-0: Foul Ball, location: 2F
1-1: Ball
2-1: Foul Ball, location: 2F
2-2: Ball
3-2: SINGLE (Flyball, 8LS)
Dante Owens to second
Runner from 2nd tries for 3rd, OUT!
Batting: RHB Cisco Gatán 0-0: Ball
1-0: Called Strike
1-1: Foul Ball, location: 2F
1-2: SINGLE (Line Drive, 7S)
Stephen Wilson to second
Batting: RHB Justin Burgess 0-0: Ball
1-0: Called Strike
1-1: Ball
2-1: Foul Ball, location: 2F
2-2: Foul Ball, location: 2F
2-2: Ball
3-2: Foul Ball, location: 2F
3-2: Base on Balls
Stephen Wilson to third
Cisco Gatán to second
Batting: RHB Jake Reeves 0-0: Ball
1-0: Foul Ball, location: 2F
1-1: Ball
2-1: Ball
3-1: Called Strike
3-2: Base on Balls
Stephen Wilson scores
Cisco Gatán to third
Justin Burgess to second
Batting: RHB Johnny Williams 0-0: Ball
1-0: Ball
2-0: Called Strike
2-1: Called Strike
2-2: Fly out, F6 (Popup, 4MD)
Bottom of the 5th over - 1 run, 2 hits, 0 errors, 3 left on base; Houston 2 - Vista 5
TOP OF THE 6TH
Houston Marshals batting - Pitching for Vista Panthers : RHP José Betancourt
Batting: RHB Javier Rentería 0-0: Ball
1-0: Ball
2-0: Ground out 4-3 (Groundball, 34)
Batting: RHB Michael Thomas 0-0: Ball
1-0: Swinging Strike
1-1: Ball
2-1: Called Strike
2-2: Ground out 6-3 (Groundball, 6MD)
Batting: LHB Guy Moss 0-0: Ground out 5-3 (Groundball, 56)
Top of the 6th over - 0 runs, 0 hits, 0 errors, 0 left on base; Houston 2 - Vista 5
BOTTOM OF THE 6TH
Vista Panthers batting - Pitching for Houston Marshals : RHP Enrique Valdés
Pinch Hitting: LHB Bob Cunningham 0-0: Ball
1-0: Foul Ball, location: 2F
1-1: Foul Ball, location: 2F
1-2: Ball
2-2: Foul Ball, location: 2F
2-2: Ball
3-2: Foul Ball, location: 2F
3-2: Foul Ball, location: 2F
3-2: Foul Ball, location: 2F
3-2: Foul Ball, location: 2F
3-2: Base on Balls
Pinch Hitting: RHB Luis Martínez 0-0: Called Strike
0-1: Ball
1-1: Ball
Wild Pitch!
Bob Cunningham to second
2-1: Ball
3-1: Base on Balls
Pinch Hitting: RHB Griswold Coleman 0-0: SINGLE (Line Drive, 9S)
Bob Cunningham to third
Luis Martínez to second
Batting: LHB Noriaki Sangi 0-0: DOUBLE (Line Drive, 9LS)
Bob Cunningham scores
Luis Martínez scores
Griswold Coleman to third
Pinch Hitting: LHB Francisco Marino 0-0: Called Strike
0-1: Called Strike
0-2: Strikes out looking
Pitching: RHP César Sánchez
Batting: RHB Cisco Gatán 0-0: Called Strike
0-1: Swinging Strike
0-2: SINGLE (Groundball, 56D)
Griswold Coleman scores
Noriaki Sangi to third
Pinch Hitting: LHB Ethan Shaw 0-0: Called Strike
0-1: Ball
1-1: Swinging Strike
1-2: Fly out, F8 (Flyball, 8LD)
Runner from 3rd tags up, SCORES, throw made
Pinch Hitting: LHB Francisco Medina 0-0: Called Strike
0-1: Ground out 3-1 (Groundball, 34)
Bottom of the 6th over - 4 runs, 3 hits, 0 errors, 1 left on base; Houston 2 - Vista 9
TOP OF THE 7TH
Houston Marshals batting - Pitching for Vista Panthers : RHP José Betancourt
Now at 1B: Luis Martínez
Now at 2B: Griswold Coleman
Now at 3B: Francisco Marino
Now at SS: Francisco Medina
Now in CF: Bob Cunningham
Now in RF: Ethan Shaw
Batting: SHB Juan Gómez 0-0: Called Strike
0-1: SINGLE (Groundball, 4MD)
Batting: SHB Ramón Lugo 0-0: Ball
1-0: Ball
2-0: Ball
3-0: Called Strike
3-1: Base on Balls
Juan Gómez to second
Batting: LHB José Rodríguez 0-0: Called Strike
0-1: Called Strike
0-2: Strikes out looking
Batting: RHB Raúl Soto 0-0: Ball
1-0: Ball
2-0: Called Strike
2-1: Fly out, F7 (Line Drive, 7)
Pinch Hitting: LHB Bernardo Morales 0-0: Foul Ball, location: 2F
0-1: SINGLE (Groundball, 34D)
Juan Gómez to third
Ramón Lugo to second
Pinch Hitting: RHB Jim Tracy 0-0: Ball
1-0: Swinging Strike
1-1: Fly out, F4 (Line Drive, 4M)
Top of the 7th over - 0 runs, 2 hits, 0 errors, 3 left on base; Houston 2 - Vista 9
BOTTOM OF THE 7TH
Vista Panthers batting - Pitching for Houston Marshals : RHP César Sánchez
Now at 1B: Bernardo Morales
Now at 2B: Jim Tracy
Pinch Hitting: LHB Arthur MacDonald 0-0: Called Strike
0-1: Ball
1-1: Ball
2-1: SINGLE (Line Drive, 89S)
Batting: LHB Bob Cunningham 0-0: Ball
1-0: Called Strike
1-1: Called Strike
1-2: Ball
Arthur MacDonald steals 2nd base
2-2: SINGLE (Groundball, 34D)
Arthur MacDonald to third
Batting: RHB Luis Martínez 0-0: Ball
1-0: Foul Ball, location: 2F
1-1: Foul Ball, location: 2F
1-2: Ball
2-2: Foul Ball, location: 2F
2-2: Ball
Bob Cunningham is caught stealing 2nd base
3-2: Base on Balls
Batting: RHB Griswold Coleman 0-0: SINGLE (Groundball, 6MD)
Arthur MacDonald scores
Luis Martínez to second
Runner from 2nd tries for 3rd, SAFE, no throw
Batting: LHB Noriaki Sangi 0-0: Ball
1-0: Called Strike
1-1: Ball
2-1: SINGLE (Line Drive, 78S)
Luis Martínez scores
Griswold Coleman to second
Batting: LHB Francisco Marino 0-0: Foul Ball, location: 2F
0-1: Ball
1-1: Called Strike
1-2: Ball
2-2: Foul Ball, location: 2F
2-2: Ball
3-2: Foul Ball, location: 2F
3-2: Strikes out looking
Batting: RHB Cisco Gatán 0-0: Ball
1-0: Fly out, F7 (Flyball, 7S)
Bottom of the 7th over - 2 runs, 4 hits, 0 errors, 2 left on base; Houston 2 - Vista 11
TOP OF THE 8TH
Houston Marshals batting - Pitching for Vista Panthers : RHP José Betancourt
Pitching: LHP António Martínez
Now in LF: Phil Matthews
Now in RF: Arthur MacDonald
Batting: RHB Javier Rentería 0-0: Ball
1-0: Ball
2-0: Ball
3-0: Base on Balls
Batting: RHB Michael Thomas 0-0: Ball
1-0: Ball
2-0: Ball
3-0: Base on Balls
Javier Rentería to second
Batting: LHB Guy Moss 0-0: Called Strike
0-1: Ball
1-1: Swinging Strike
1-2: Strikes out swinging
Batting: SHB Juan Gómez 0-0: Called Strike
0-1: Ball
1-1: Ball
2-1: Fly out, F9 (Line Drive, 9)
Batting: SHB Ramón Lugo 0-0: Called Strike
0-1: Called Strike
0-2: Strikes out looking
Top of the 8th over - 0 runs, 0 hits, 0 errors, 2 left on base; Houston 2 - Vista 11
BOTTOM OF THE 8TH
Vista Panthers batting - Pitching for Houston Marshals : RHP César Sánchez
Batting: RHB Phil Matthews 0-0: SINGLE (Groundball, 34D)
Batting: LHB Francisco Medina 0-0: Ball
1-0: Ball
2-0: Ball
3-0: Base on Balls
Phil Matthews to second
Batting: LHB Arthur MacDonald 0-0: Ball
1-0: Swinging Strike
1-1: Ball
2-1: Foul Ball, location: 2F
2-2: Foul Ball, location: 2F
2-2: Fielders Choice at 2nd, 3-6 (Groundball, 3)
Phil Matthews to third
Batting: LHB Bob Cunningham 0-0: Ball
1-0: Fielders Choice at 2nd, 6-4 (Groundball, 6M)
Phil Matthews scores
Batting: RHB Luis Martínez 0-0: Foul Ball, location: 2F
0-1: Swinging Strike
0-2: Fly out, F9 (Flyball, 89D)
Bottom of the 8th over - 1 run, 1 hit, 0 errors, 1 left on base; Houston 2 - Vista 12
TOP OF THE 9TH
Houston Marshals batting - Pitching for Vista Panthers : LHP António Martínez
Batting: LHB José Rodríguez 0-0: Ball
1-0: Ball
2-0: Called Strike
2-1: Foul Ball, location: 2F
2-2: Ball
3-2: Strikes out swinging
Batting: RHB Raúl Soto 0-0: Ball
1-0: Called Strike
1-1: Ball
2-1: Foul Ball, location: 2F
2-2: DOUBLE (Line Drive, 8LXD) - OUT at third base trying to stretch hit.
Batting: LHB Bernardo Morales 0-0: Called Strike
0-1: Ball
1-1: Called Strike
1-2: Ball
2-2: Ball
3-2: Base on Balls
Batting: RHB Jim Tracy 0-0: Called Strike
0-1: Swinging Strike
0-2: Hit by Pitch
Bernardo Morales to second
Batting: RHB Javier Rentería 0-0: Hit by Pitch
Bernardo Morales to third
Jim Tracy to second
Batting: RHB Michael Thomas 0-0: Called Strike
0-1: Foul Ball, location: 2F
0-2: Strikes out looking
Top of the 9th over - 0 runs, 1 hit, 0 errors, 3 left on base; Houston 2 - Vista 12
Saturday, December 16th, 2017 - OOTP Baseball 18.8 Build 76